 Dungeon Crawl Stone Soup version 0.31-a0-963-ga325b2283a (webtiles) character file.

Game seed: 3232747171138622483

16601 lessens the Nimble (level 12, -21/141 HPs)
             Began as a Gnoll Gladiator on Oct 25, 2023.
             Was a High Priest of Trog.
             Demolished by an orc knight
             ... wielding a +1 long sword of holy wrath
              (24 damage)
             ... on level 2 of the Orcish Mines.
             The game lasted 00:21:08 (14941 turns).

lessens the Nimble (Gnoll Gladiator)               Turns: 14941, Time: 00:21:09

Health: -21/141    AC: 25    Str: 18    XL:     12   Next: 39%
Magic:  3/23       EV: 12    Int: 16    God:    Trog [*****.]
Gold:   42         SH:  0    Dex: 14    Spells: 25/25 levels left

rFire   . . .        J - +4 battleaxe
rCold   + + .        (shield currently unavailable)
rNeg    . . .        S - +5 chain mail of Boiling Hail {rC+ Int+5 Stlth+}
rPois   +            T - +2 hat {Int+3}
rElec   .            R - +2 cloak {rPois}
rCorr   .            x - +2 pair of gloves {infuse}
SInv    .            k - +0 pair of boots
Will    .....        A - amulet of faith Stlth
                     l - ring of protection from cold
HPRegen 0.43/turn    j - ring of flight
MPRegen 0.18/turn

%: faith, infuse magic (1 MP)
@: berserking, flying, very quick
A: fangs 1, strong nose, distributed training
a: Renounce Religion, Berserk, Trog's Hand, Brothers in Arms


You were on level 2 of the Orcish Mines.
You worshipped Trog.
Trog was extremely pleased with you.
You visited 3 branches of the dungeon, and saw 15 of its levels.
You visited 1 bazaar.
You also visited: Bailey.

You collected 1132 gold pieces.
You spent 1090 gold pieces at shops.

Inventory:

Hand Weapons
 a - a +0 war axe
 d - a +4 falchion of pain
 i - a +4 trident of draining
 J - a +4 battleaxe (weapon)
 K - a +5 dire flail
 X - a +2 scimitar of flaming
 Y - a +1 scimitar of holy wrath
Missiles
 e - 13 javelins
 o - 109 stones
 s - 19 poisoned darts
 v - a curare-tipped dart (quivered)
 D - a throwing net
 O - 5 datura-tipped darts
 V - 8 boomerangs
Armour
 c - a +0 helmet
 k - a +0 pair of boots (worn)
 r - the +2 leather armour of Akidy {rElec rPois Stlth-}
   (You found it on level 3 of the Dungeon)

   rElec:     It insulates you from electricity.
   rPois:     It protects you from poison Stlth-: It makes you less stealthy.
 w - a +0 kite shield
 x - a +2 pair of gloves of infusion (worn)
 R - a +2 cloak of poison resistance (worn)
 S - the +5 chain mail of Boiling Hail (worn) {rC+ Int+5 Stlth+}
   (You found it in a bailey)

   Int+5:     It affects your intelligence (+5).
   rC+:       It protects you from cold.
   Stlth+:    It makes you more stealthy.
 T - a +2 hat of intelligence (worn)
Jewellery
 j - a ring of flight (right hand)
 l - a ring of protection from cold (left hand)
 A - an amulet of faith (around neck)
Wands
 M - a wand of digging (5)
 Q - a wand of paralysis (6)
Scrolls
 b - 8 scrolls of enchant armour
 f - 3 scrolls of teleportation
 q - 3 scrolls of blinking
 B - a scroll of revelation
 E - 2 scrolls of vulnerability
 F - 4 scrolls of fog
 G - 2 scrolls of immolation
 N - 2 scrolls of enchant weapon
Potions
 g - a potion of enlightenment
 h - 2 potions of resistance
 m - 2 potions of haste
 p - 6 potions of mutation
 t - a potion of experience {unknown}
 u - 6 potions of curing
 z - 2 potions of lignification
 C - 5 potions of heal wounds
 H - a potion of might {unknown}
 I - a potion of invisibility {unknown}
 L - 4 potions of ambrosia
 P - 2 potions of brilliance
 U - a potion of magic {unknown}
 W - a potion of berserk rage {unknown}


   Skills:
 + Level 8.8 Fighting
 + Level 7.4 Short Blades
 + Level 7.4 Long Blades
 + Level 9.9 Axes
 + Level 7.4 Maces & Flails
 + Level 7.4 Polearms
 + Level 7.4 Staves
 + Level 7.4 Ranged Weapons
 + Level 8.8 Throwing
 + Level 7.4 Armour
 + Level 9.9 Dodging
 + Level 7.4 Stealth
 + Level 7.4 Shields
 + Level 7.4 Unarmed Combat
 + Level 7.4 Spellcasting
 + Level 6.1 Conjurations
 + Level 6.1 Hexes
 + Level 6.1 Summonings
 + Level 6.1 Necromancy
 + Level 6.1 Translocations
 + Level 6.1 Transmutations
 + Level 6.1 Fire Magic
 + Level 6.1 Ice Magic
 + Level 6.1 Air Magic
 + Level 6.1 Earth Magic
 + Level 6.1 Poison Magic
 + Level 8.1 Invocations
 + Level 7.4 Evocations
 + Level 6.7 Shapeshifting


You had 25 spell levels left.
You didn't know any spells.
Your spell library was empty.

Dungeon Overview and Level Annotations

Branches:
Dungeon (12/15) Zot: 26596  Temple (1/1) D:6 Zot: 5904    Lair (0/5) D:9
    Orc (2/2) D:11 Zot: 11011  Bailey (visited)
    Elf: Orc:2

Altars:
Ashenzari
Cheibriados
Dithmenos
Elyvilon
Fedhas
Gozag
Hepliaklqana
Kikubaaqudgha
Makhleb
Nemelex Xobeh
Okawaru
Qazlal
Ru
Sif Muna
Trog
Uskayaw
Vehumet
Xom
Yredelemnul
Zin
The Shining One

Shops:
D:5 *(*:   D:6 (   D:10 =

Annotations:
D:7 2 transporters, Grum; kairosrom117's ghost, novice DrFE
D:12 Josephine; Nessos


Innate Abilities, Weirdness & Mutations

You have very sharp teeth.
Your uncanny sense of smell can sniff out nearby items.
Your experience applies equally to all skills.


Message History

The orcs go into a battle-frenzy!
An orc warrior comes into view. It is wielding a +0 halberd.
The orc knight roars a battlecry!
The orc warrior goes into a battle-frenzy!
A red film seems to cover your vision as you go berserk!
You feel yourself moving faster!
You feel mighty!
The orc knight hits you with a +0 battleaxe.
The orc warrior barely misses you.
The orc knight hits you but does no damage.
You hit the orc knight.
The orc knight is lightly wounded.
You closely miss the orc knight.
The orc knight hits you with a +0 battleaxe!
The orc warrior hits you from afar with a +0 halberd!
The orc knight misses you.
You slice the orc knight!!
The orc knight is heavily wounded.
You completely miss the orc knight. You slice the orc knight!!
The orc knight is severely wounded.
You closely miss the orc knight.
The orc knight hits you with a +0 battleaxe!!
* * * LOW HITPOINT WARNING * * *
The orc warrior hits you but does no damage.
The orc knight hits you with a +1 long sword of holy wrath!!
* * * LOW HITPOINT WARNING * * *
You slice the orc knight!!
You kill the orc knight!
Trog accepts your kill.
You closely miss the orc knight. You closely miss the orc warrior.
The orc warrior barely misses you.
The orc knight hits you with a +1 long sword of holy wrath.
* * * LOW HITPOINT WARNING * * *
The orc warrior barely misses you.
You slice the orc knight!!
The orc knight is heavily wounded.
You hit the orc warrior but do no damage.
The orc warrior closely misses you.
The orc knight hits you with a +1 long sword of holy wrath!!
You die...

.....................#
.......#............##
.$..<..........))..#.#
............#.#.....####
............##).........
...............).)8..8..
.$..∩.......#)..........
#.............o)).......
##.....#.....)#.@8o.8..8
#$.......$..<##o)o......
......).....###o8.......
...##...)$### #.........
..##...[÷[# ...8..8..8
## ##.##.÷.# ...........
#...#................
##. ##........8...8.. ##
###.....


You could see an orc knight (strong), an orc high priest (strong) and 3 orc
warriors.

Vanquished Creatures
  Snorg (D:10)
  Erolcha (Orc:2)
  Erica (Orc:1)
  A two-headed ogre (D:11)
  2 orc knights (Orc:2)
  2 arcanists (D:9)
  An orc sorcerer (Orc:2)
  A cyclops (D:11)
  A gargoyle (Bailey)
  3 unseen horrors (D:11)
  Jeremiah (D:6)
  A kobold demonologist (D:10)
  Prince Ribbit (D:6)
  Grinder (D:6)
  Sigmund (D:3)
  2 wraiths
  3 wyverns
  3 humans (Orc:2)
  2 vampires
  10 yaks
  2 steam dragons (D:8)
  Eustachio (D:4)
  2 wargs (Orc:2)
  An acid dragon (D:9)
  4 water moccasins
  Duvessa (D:4)
  A sky beast (D:8)
  12 orc warriors
  3 ogres (Orc:2)
  A centaur (D:10)
  2 kobold brigands
  A gnoll sergeant (D:7)
  3 bullfrogs
  2 scorpions
  8 wights (D:7)
  Dowan (D:4)
  5 killer bees (D:9)
  8 wolf zombies (Bailey)
  7 vampire bats (Bailey)
  An electric eel (D:10)
  A howler monkey (D:5)
  A crimson imp (D:9)
  Crazy Yiuf (D:6)
  3 hounds
  2 jellies
  9 orc priests
  2 gnoll boudas (D:5)
  9 iguanas
  14 orc wizards
  22 gnolls
  6 adders
  2 shadow imps
  2 worms (D:2)
  2 dart slugs (D:1)
  87 orcs
  9 ball pythons
  5 bats
  6 endoplasms
  A giant cockroach (D:1)
  8 goblins
  6 hobgoblins
  A jackal (D:3)
  11 kobolds
  2 quokkas
  A frilled lizard (D:2)
  21 orc zombies (Bailey)
  5 rats (D:1)
  A spectral goblin (D:6)
345 creatures vanquished.

Vanquished Creatures (collateral kills)
  2 wargs (Orc:2)
  An orc warrior (Orc:2)
3 creatures vanquished.

Vanquished Creatures (others)
  An ogre (D:3)
  An orc (D:3)
  A bat (D:3)
  A kobold (D:3)
  2 rats (D:3)
6 creatures vanquished.

Grand Total: 354 creatures vanquished

Notes
Turn   | Place    | Note
-------+----------+-------------------------------------------
     0 | D:1      | lessens the Gnoll Gladiator began the quest for the Orb.
     0 | D:1      | Reached XP level 1. HP: 20/20 MP: 1/1
   174 | D:1      | Reached XP level 2. HP: 22/26 MP: 2/2
   626 | D:1      | Reached XP level 3. HP: 31/31 MP: 3/3
  1043 | D:2      | Reached skill level 1 in Invocations
  1108 | D:2      | Reached skill level 1 in Short Blades
  1108 | D:2      | Reached skill level 1 in Long Blades
  1108 | D:2      | Reached skill level 1 in Maces & Flails
  1108 | D:2      | Reached skill level 1 in Polearms
  1108 | D:2      | Reached skill level 1 in Staves
  1108 | D:2      | Reached skill level 1 in Ranged Weapons
  1108 | D:2      | Reached skill level 1 in Armour
  1108 | D:2      | Reached skill level 1 in Stealth
  1108 | D:2      | Reached skill level 1 in Shields
  1108 | D:2      | Reached skill level 1 in Unarmed Combat
  1108 | D:2      | Reached skill level 1 in Spellcasting
  1108 | D:2      | Reached skill level 1 in Evocations
  1208 | D:2      | Reached XP level 4. HP: 38/38 MP: 5/5
  1645 | D:2      | Found a faded altar of an unknown god.
  1660 | D:2      | Prayed at the altar of an unknown god.
  1660 | D:2      | Became a worshipper of Trog the Wrathful
  1660 | D:2      | Reached * piety under Trog
  1715 | D:2      | Reached skill level 1 in Shapeshifting
  1770 | D:3      | Identified the +2 leather armour of Akidy {rElec rPois
                  | Stlth-}
  1923 | D:3      | Found a shimmering altar of Xom.
  1924 | D:3      | Noticed an ogre
  1928 | D:3      | Killed an ogre
  2209 | D:3      | Noticed Sigmund
  2215 | D:3      | Killed Sigmund
  2216 | D:3      | Reached skill level 1 in Conjurations
  2216 | D:3      | Reached skill level 1 in Hexes
  2216 | D:3      | Reached skill level 1 in Summonings
  2216 | D:3      | Reached skill level 1 in Necromancy
  2216 | D:3      | Reached skill level 1 in Translocations
  2216 | D:3      | Reached skill level 1 in Transmutations
  2216 | D:3      | Reached skill level 1 in Fire Magic
  2216 | D:3      | Reached skill level 1 in Ice Magic
  2216 | D:3      | Reached skill level 1 in Air Magic
  2216 | D:3      | Reached skill level 1 in Earth Magic
  2216 | D:3      | Reached skill level 1 in Poison Magic
  2216 | D:3      | Reached XP level 5. HP: 43/43 MP: 5/7
  2216 | D:3      | Reached XP level 6. HP: 50/50 MP: 5/8
  2936 | D:4      | Noticed Eustachio
  2957 | D:4      | Reached skill level 5 in Fighting
  2957 | D:4      | Reached skill level 5 in Throwing
  2967 | D:4      | Killed Eustachio
  3080 | D:4      | Reached XP level 7. HP: 54/56 MP: 3/10
  3312 | D:4      | Found an opulent altar of Gozag.
  3322 | D:4      | Noticed Duvessa
  3330 | D:4      | Noticed Dowan
  3332 | D:4      | Killed Duvessa
  3337 | D:4      | Killed Dowan
  3457 | D:4      | Reached ** piety under Trog
  3573 | D:4      | Found a radiant altar of Vehumet.
  3734 | D:5      | Entered Level 5 of the Dungeon
  3864 | D:5      | Reached XP level 8. HP: 63/63 MP: 0/12
  4307 | D:5      | Found a basalt altar of Yredelemnul.
  4449 | D:5      | Found Catopaus's Book Emporium.
  4472 | D:5      | Found Ypamoig's General Store.
  4475 | D:5      | Bought a potion of curing for 33 gold pieces
  4475 | D:5      | Bought a scroll of blinking for 82 gold pieces
  4475 | D:5      | Bought 2 scrolls of enchant armour for 165 gold pieces
  4973 | D:5      | Found Meitut's Antique Weapon Emporium.
  4982 | D:5      | Found Gollae's Assorted Antiques.
  5236 | D:6      | Noticed Prince Ribbit
  5259 | D:6      | Killed Prince Ribbit
  5396 | D:6      | Found a staircase to the Ecumenical Temple.
  5437 | D:6      | Noticed Jeremiah
  5444 | Temple   | Entered the Ecumenical Temple
  5552 | D:6      | Killed Jeremiah
  5553 | D:6      | Reached XP level 9. HP: 58/69 MP: 0/14
  5884 | D:6      | Noticed Grinder
  5891 | D:6      | Paralysed by Grinder for 5 turns
  5902 | D:6      | Killed Grinder
  5965 | D:6      | Found a shadowy altar of Dithmenos.
  6077 | D:6      | Found Toblej's Antique Weapon Emporium.
  6206 | D:6      | Found an iron altar of Okawaru.
  6206 | D:6      | Found a faded altar of an unknown god.
  6215 | D:6      | Found a sparkling altar of Nemelex Xobeh.
  6303 | D:6      | Found a runed translucent door.
  6304 | D:6      | Noticed Crazy Yiuf
  6313 | D:6      | Killed Crazy Yiuf
  6398 | D:6      | Found a broken altar of Ashenzari.
  6400 | D:6      | Found a faded altar of an unknown god.
  6444 | D:6      | Found a hazy altar of Hepliaklqana.
  6830 | D:7      | Reached *** piety under Trog
  7349 | D:7      | Reached skill level 5 in Invocations
  7448 | D:7      | Found a transporter.
  7448 | D:7      | Noticed Grum
  7452 | D:7      | Identified the +0 buckler "Lufrann" {*Corrode +Inv SInv
                  | Stlth+}
  7638 | D:7      | Found a transporter.
  7662 | D:7      | Noticed kairosrom117's ghost (novice DrFE)
  7674 | D:7      | Found a white marble altar of Elyvilon.
  7872 | D:7      | Identified the ring "Quum" {+Blink rElec Str+4 Int-2 Dex+6}
  8371 | D:8      | Reached XP level 10. HP: 64/77 MP: 10/17
  8384 | D:8      | Reached skill level 5 in Short Blades
  8384 | D:8      | Reached skill level 5 in Long Blades
  8384 | D:8      | Reached skill level 5 in Maces & Flails
  8384 | D:8      | Reached skill level 5 in Polearms
  8384 | D:8      | Reached skill level 5 in Staves
  8384 | D:8      | Reached skill level 5 in Ranged Weapons
  8384 | D:8      | Reached skill level 5 in Armour
  8384 | D:8      | Reached skill level 5 in Stealth
  8384 | D:8      | Reached skill level 5 in Shields
  8384 | D:8      | Reached skill level 5 in Unarmed Combat
  8384 | D:8      | Reached skill level 5 in Spellcasting
  8384 | D:8      | Reached skill level 5 in Evocations
  8401 | D:8      | Found a burning altar of Makhleb.
  8660 | D:8      | Found a bloodstained altar of Trog.
  9333 | D:9      | Reached **** piety under Trog
  9490 | D:9      | Reached skill level 5 in Shapeshifting
  9811 | D:9      | Found a staircase to the Lair.
  9898 | D:9      | Noticed an arcanist
  9907 | D:9      | Killed an arcanist
  9934 | D:9      | Noticed an arcanist
  9953 | D:9      | Killed an arcanist
  9975 | D:10     | Entered Level 10 of the Dungeon
 10086 | D:10     | Found Fetotomu's Jewellery Emporium.
 10122 | D:10     | Found a flagged portal.
 10161 | Bailey   | Entered a bailey
 10210 | Bailey   | Reached XP level 11. HP: 62/84 MP: 0/19
 10392 | Bailey   | Reached ***** piety under Trog
 10393 | Bailey   | Reached skill level 5 in Conjurations
 10393 | Bailey   | Reached skill level 5 in Hexes
 10393 | Bailey   | Reached skill level 5 in Summonings
 10393 | Bailey   | Reached skill level 5 in Necromancy
 10393 | Bailey   | Reached skill level 5 in Translocations
 10393 | Bailey   | Reached skill level 5 in Transmutations
 10393 | Bailey   | Reached skill level 5 in Fire Magic
 10393 | Bailey   | Reached skill level 5 in Ice Magic
 10393 | Bailey   | Reached skill level 5 in Air Magic
 10393 | Bailey   | Reached skill level 5 in Earth Magic
 10393 | Bailey   | Reached skill level 5 in Poison Magic
 10537 | Bailey   | Identified the +2 spear "Laneinir" {pain, Will+ Str-3 Int+4
                  | Dex+3}
 10584 | Bailey   | Identified the +5 chain mail of Boiling Hail {rC+ Int+5
                  | Stlth+}
 10863 | D:10     | Noticed a sun demon
 11257 | D:10     | Found a stormy altar of Qazlal.
 11418 | D:10     | Found a shimmering blue altar of Sif Muna.
 11514 | D:10     | Found an ancient bone altar of Kikubaaqudgha.
 11628 | D:10     | Noticed Snorg
 11637 | D:10     | Killed Snorg
 11800 | D:11     | Noticed a two-headed ogre
 11952 | D:11     | Noticed a cyclops
 11954 | D:11     | Killed a cyclops
 12114 | D:11     | Found a staircase to the Orcish Mines.
 12340 | D:11     | Killed a two-headed ogre
 13416 | D:12     | Noticed Nessos
 13427 | D:12     | Noticed Josephine
 13684 | Orc:1    | Entered Level 1 of the Orcish Mines
 13687 | Orc:1    | Noticed Erica
 13699 | Orc:1    | Killed Erica
 13699 | Orc:1    | Reached ****** piety under Trog
 13918 | Orc:1    | Found a burning altar of Makhleb.
 14019 | Orc:1    | Reached XP level 12. HP: 94/94 MP: 18/22
 14289 | Orc:1    | Received a gift from Trog
 14428 | Orc:2    | Entered Level 2 of the Orcish Mines
 14428 | Orc:2    | Found a flickering gateway to a bazaar.
 14443 | Bazaar   | Entered a bazaar
 14478 | Bazaar   | Found Jishrecu's Book Emporium.
 14478 | Bazaar   | Found Udaimm's Distillery.
 14489 | Bazaar   | Bought a potion of heal wounds for 75 gold pieces
 14489 | Bazaar   | Bought a potion of enlightenment for 75 gold pieces
 14489 | Bazaar   | Bought a potion of heal wounds for 75 gold pieces
 14489 | Bazaar   | Bought a potion of brilliance for 60 gold pieces
 14489 | Bazaar   | Bought a potion of heal wounds for 75 gold pieces
 14500 | Bazaar   | Found Yczulok's Assorted Antiques.
 14500 | Bazaar   | Found Atoaromyj's Antique Armour Shoppe.
 14522 | Bazaar   | Found Byweew's Magic Scroll Emporium.
 14522 | Bazaar   | Found Luipsalo's Armour Shoppe.
 14527 | Bazaar   | Bought a scroll of enchant weapon for 90 gold pieces
 14527 | Bazaar   | Bought a scroll of enchant weapon for 90 gold pieces
 14527 | Bazaar   | Bought a scroll of immolation for 48 gold pieces
 14544 | Bazaar   | Found Oluc's Antique Weapon Emporium.
 14617 | Bazaar   | Bought a scroll of enchant armour for 90 gold pieces
 14617 | Bazaar   | Bought a scroll of fog for 48 gold pieces
 14617 | Bazaar   | Bought a scroll of fog for 48 gold pieces
 14617 | Bazaar   | Bought a scroll of teleportation for 36 gold pieces
 14660 | Orc:2    | Paralysed by an orc sorcerer for 5 turns
 14893 | Orc:2    | Noticed Erolcha
 14901 | Orc:2    | Killed Erolcha
 14934 | Orc:2    | Noticed an orc high priest
 14940 | Orc:2    | HP: 3/141 [orc knight/+1 long sword of holy wrath (6)]
 14941 | Orc:2    | Demolished by an orc knight

Illustrated notes

Levels and vault maps discovered:
D:1:      lemuel_arrival_room, layout_rooms, chequers_serial_rivers_micro_e
D:2:      layout_loops_corners, hellmonk_ecumenical_altar_run_dry,
          wander_ebering_terrifying_dragon_lair
D:3:      layout_loops_ring, xom_confusion_cloud, serial_forest,
          infiniplex_forest_lined_corner, infiniplex_forest_pool,
          infiniplex_forest_clump_medium, infiniplex_forest_straight_3,
          infiniplex_forest_corner_2, infiniplex_forest_split,
          infiniplex_forest_lined_1, uniq_sigmund
D:4:      wander_river, layout_basic,
          nicolae_gozag_cash_rules_everything_around_me,
          mainiacjoe_overflow_brackets, uniq_duvessa, uniq_eustachio
D:5:      layout_loops_corners, mainiacjoe_overflow_24_doors, serial_shops,
          shop, nicolae_shop_stone, kennysheep_mini, nicolae_book_shop_shelving,
          minmay_splitting_lines
D:6:      layout_basic, chequers_temple_overflow_minitemple,
          nicolae_hepliaklqana_monster_ancestors,
          nicolae_overflow_crystal_walls, minmay_temple_entry_gardened_gates,
          serial_shops, nicolae_shop_peninsula, amcnicky_mini_corridor_feature,
          kennysheep_generic_room_13, uniq_prince_ribbit1, uniq_grinder,
          uniq_crazy_yiuf_cottage, uniq_jeremiah
D:7:      layout_basic, mainiacjoe_overflow_catwalk,
          gammafunk_ghost_gnarly_gnolls
D:8:      layout_cave_pods, lightli_temple_of_fire,
          nicolae_overflow_hidden_temple
D:9:      cheibrodos_wizards_tower, layout_cross, lair_entry_dummy,
          lightli_wizard_tower
D:10:     layout_grid_maze, mainiacjoe_overflow_tiny_flanked,
          nicolae_overflow_squiral, enter_bailey_7,
          minmay_shop_enchanted_jewellery, hangedman_decor_diamond_cutter,
          uniq_snorg, uniq_grum
D:11:     layout_cave_pods, hiddenorc2_lemuel
D:12:     layout_long_grid, chequers_serial_rivers_large_b, uniq_nessos,
          uniq_lodul, uniq_josephine
Temple:   hellmonk_temple_two_chambers
Orc:1:    layout_caves, basic_altar, uniq_erica, uniq_sonja
Orc:2:    st_orc_town, layout_caves, serial_shops, bzr_entry_customers,
          bh_open_orc_temple, uniq_erolcha, uniq_donald

Skill      XL: |  1  2  3  4  5  6  7  8  9 10 11 12 |
---------------+-------------------------------------+-----
Invocations    | 1 2 3 4 5 6 7 8 |  8.1
Short Blades   | 1 2 3 4 5 6 7 |  7.4
Long Blades    | 1 2 3 4 5 6 7 |  7.4
Maces & Flails | 1 2 3 4 5 6 7 |  7.4
Polearms       | 1 2 3 4 5 6 7 |  7.4
Staves         | 1 2 3 4 5 6 7 |  7.4
Ranged Weapons | 1 2 3 4 5 6 7 |  7.4
Armour         | 1 2 3 4 5 6 7 |  7.4
Stealth        | 1 2 3 4 5 6 7 |  7.4
Shields        | 1 2 3 4 5 6 7 |  7.4
Unarmed Combat | 1 2 3 4 5 6 7 |  7.4
Spellcasting   | 1 2 3 4 5 6 7 |  7.4
Evocations     | 1 2 3 4 5 6 7 |  7.4
Shapeshifting  | 1 2 3 4 5 6 |  6.7
Conjurations   | 1 2 3 4 5 6 |  6.1
Hexes          | 1 2 3 4 5 6 |  6.1
Summonings     | 1 2 3 4 5 6 |  6.1
Necromancy     | 1 2 3 4 5 6 |  6.1
Translocations | 1 2 3 4 5 6 |  6.1
Transmutations | 1 2 3 4 5 6 |  6.1
Fire Magic     | 1 2 3 4 5 6 |  6.1
Ice Magic      | 1 2 3 4 5 6 |  6.1
Air Magic      | 1 2 3 4 5 6 |  6.1
Earth Magic    | 1 2 3 4 5 6 |  6.1
Poison Magic   | 1 2 3 4 5 6 |  6.1
Fighting       | 5 6 7 8 |  8.8
Throwing       | 5 6 7 8 |  8.8
Axes           | 7 8 9 |  9.9
Dodging        | 7 8 9 |  9.9

Action                     |  1- 3 |  4- 6 |  7- 9 | 10-12 || total
---------------------------+-------+-------+-------+-------++-------
  Melee: War axe           |    74 |   105 |   176 |    11 ||   366
         Bite              |     6 |     9 |    30 |    42 ||    87
         Punch             |     1 |     2 |       |       ||     3
         Trident           |       |       |   155 |    31 ||   186
         Battleaxe         |       |       |       |   388 ||   388
  Throw: Dart              |       |     4 |     9 |     2 ||    15
         Throwing net      |       |     3 |       |       ||     3
 Invoke: Berserk           |       |     1 |     4 |     7 ||    12
         Trog's Hand       |       |       |       |     2 ||     2
         Brothers in Arms  |       |       |       |     1 ||     1
  Evoke: Wand              |       |       |       |     4 ||     4
    Use: Scroll            |       |       |     7 |     9 ||    16
         Potion            |       |       |       |     1 ||     1
   Stab: Held in net/web   |       |     2 |       |       ||     2
         Sleeping          |       |       |     2 |     6 ||     8
 Armour: Leather armour    |    14 |    28 |   159 |   141 ||   342
         Ring mail         |    24 |     7 |       |       ||    31
         Chain mail        |       |       |       |   330 ||   330
  Dodge: Dodged            |    39 |    77 |   166 |   347 ||   629
  Block: Kite shield       |       |     4 |   125 |    35 ||   164

Table legend: (Time is in decaauts)
 A = Elapsed time spent in this place.
 B = Non-inter-level travel time spent in this place.
 C = Inter-level travel time spent in this place.
 D = Time resting spent in this place.
 E = Time spent auto-exploring this place.
 F = Levels seen in this place.
 G = Mean time per level.
                   A        B        C        D        E       F      G
               +--------+--------+--------+--------+--------+-----+--------+
         Total |  15266 |  14675 |    591 |    976 |  10748 |  17 |  898.0 |
       Dungeon |  13346 |  12772 |    574 |    442 |  10112 |  12 | 1112.2 |
        Temple |     95 |     95 |      0 |     88 |      0 |   1 |   95.0 |
  Orcish Mines |    988 |    971 |     17 |    202 |    542 |   2 |  494.0 |
        Bazaar |    206 |    206 |      0 |      0 |     94 |   1 |  206.0 |
        Bailey |    630 |    630 |      0 |    244 |      0 |   1 |  630.0 |
               +--------+--------+--------+--------+--------+-----+--------+

Top non-repeatable levels by time:
    D:11: 1723 daAuts
     D:5: 1546 daAuts
    D:10: 1479 daAuts
     D:6: 1411 daAuts
     D:7: 1333 daAuts
     D:3: 1183 daAuts
     D:8: 1170 daAuts
     D:2: 1051 daAuts
   Orc:1: 864 daAuts
     D:4: 848 daAuts
     D:9: 822 daAuts
     D:1: 731 daAuts
  Bailey: 630 daAuts
  Bazaar: 206 daAuts
   Orc:2: 123 daAuts

Levels and vault maps discovered:
D:1:      lemuel_arrival_room, layout_rooms, chequers_serial_rivers_micro_e
D:2:      layout_loops_corners, hellmonk_ecumenical_altar_run_dry,
          wander_ebering_terrifying_dragon_lair
D:3:      layout_loops_ring, xom_confusion_cloud, serial_forest,
          infiniplex_forest_lined_corner, infiniplex_forest_pool,
          infiniplex_forest_clump_medium, infiniplex_forest_straight_3,
          infiniplex_forest_corner_2, infiniplex_forest_split,
          infiniplex_forest_lined_1, uniq_sigmund
D:4:      wander_river, layout_basic,
          nicolae_gozag_cash_rules_everything_around_me,
          mainiacjoe_overflow_brackets, uniq_duvessa, uniq_eustachio
D:5:      layout_loops_corners, mainiacjoe_overflow_24_doors, serial_shops,
          shop, nicolae_shop_stone, kennysheep_mini, nicolae_book_shop_shelving,
          minmay_splitting_lines
D:6:      layout_basic, chequers_temple_overflow_minitemple,
          nicolae_hepliaklqana_monster_ancestors,
          nicolae_overflow_crystal_walls, minmay_temple_entry_gardened_gates,
          serial_shops, nicolae_shop_peninsula, amcnicky_mini_corridor_feature,
          kennysheep_generic_room_13, uniq_prince_ribbit1, uniq_grinder,
          uniq_crazy_yiuf_cottage, uniq_jeremiah
D:7:      layout_basic, mainiacjoe_overflow_catwalk,
          gammafunk_ghost_gnarly_gnolls
D:8:      layout_cave_pods, lightli_temple_of_fire,
          nicolae_overflow_hidden_temple
D:9:      cheibrodos_wizards_tower, layout_cross, lair_entry_dummy,
          lightli_wizard_tower
D:10:     layout_grid_maze, mainiacjoe_overflow_tiny_flanked,
          nicolae_overflow_squiral, enter_bailey_7,
          minmay_shop_enchanted_jewellery, hangedman_decor_diamond_cutter,
          uniq_snorg, uniq_grum
D:11:     layout_cave_pods, hiddenorc2_lemuel
D:12:     layout_long_grid, chequers_serial_rivers_large_b, uniq_nessos,
          uniq_lodul, uniq_josephine
Temple:   hellmonk_temple_two_chambers
Orc:1:    layout_caves, basic_altar, uniq_erica, uniq_sonja
Orc:2:    st_orc_town, layout_caves, serial_shops, bzr_entry_customers,
          bh_open_orc_temple, uniq_erolcha, uniq_donald
